 Dungeon Crawl Stone Soup version 0.29-a0-356-g7bc237e783 (webtiles) character file.

Game seed: 10162314912439300961

88 spaghetti the Covert (level 4, 26/40 HPs)
             Began as a Deep Dwarf Delver on Apr 26, 2022.
             Quit the game on level 5 of the Dungeon.
             The game lasted 00:00:49 (143 turns).

spaghetti the Covert (Deep Dwarf Delver)             Turns: 143, Time: 00:00:49

Health: 26/40      AC:  3    Str: 15    XL:     4   Next: 30%
Magic:  3/3        EV: 12    Int: 11    God:
Gold:   0          SH:  0    Dex: 16    Spells: 3/3 levels left

rFire   . . .      SeeInvis .   a - +0 short sword {short}
rCold   . . .      Faith    .   (no shield)
rNeg    . . .      Spirit   .   b - +0 leather armour
rPois   .          Reflect  .   (no helmet)
rElec   .          Harm     .   (no cloak)
rCorr   .          Rampage  .   (no gloves)
Will    .....                   (no boots)
Stlth   ++++......              (no amulet)
HPRegen 0.00/turn               (no ring)
MPRegen 0.08/turn               (no ring)

@: no status effects
A: damage resistance, heal wounds, sense surroundings 1, no regeneration
a: Heal Wounds


You were on level 5 of the Dungeon.
You visited 1 branch of the dungeon, and saw 2 of its levels.


Innate Abilities, Weirdness & Mutations

You are resistant to damage.
You can heal yourself by infusing magical energy.
You passively map a small area around you.
You do not regenerate.


   Skills:
 - Level 2.6 Fighting
 - Level 1.7 Short Blades
 - Level 2.1 Dodging
 + Level 8.2 Stealth


You had 3 spell levels left.
You didn't know any spells.
Your spell library was empty.

Inventory:

Hand Weapons
 a - a +0 short sword (weapon) {short}
Armour
 b - a +0 leather armour (worn)
Wands
 g - a wand of digging (3)
Scrolls
 c - a scroll of fog
 d - a scroll of magic mapping {!r}
Potions
 e - a potion of mutation {unknown}
 f - 2 potions of haste {@q3}

Dungeon Overview and Level Annotations

Branches:
Dungeon (6/15)
 Temple: D:4-7

Altars:

#.# * * * #.# #.#.# ,
#.# #.#.## * #.#
#.... * * #.# #...#*
* #)# #...##### #.#
#.......##
#.#########.(.......
#.......@KK.....# ###
*
############..#.#....
#.........$.
#.#..!###.##
#.#[......# ** #
##..##### ...# * *
#... , * #####** ,


You could see a kobold brigand and a kobold.


Message History

The black bear claws you but does no damage.
The black bear bites you but does no damage.
The black bear barely misses you.
The black bear closely misses you. 😱 HP[-6]
You take 6 damage, and now have 2/20 hp.
MASSIVE DAMAGE!! (PAUSE) Unknown command.
You feel much better. The black bear barely misses you. x2
The black bear claws you. 😕 HP[+14]
You regained 14 hp, and now have 16/20 hp.
Unknown command.
You hit the black bear.
You kill the black bear!
Your Stealth skill gained 2 levels and is now at level 8!
You have reached level 2!
You have reached level 3!
Your experience leads to an increase in your attributes!
Increase (S)trength, (I)ntelligence, or (D)exterity?
You feel agile. x2
You have reached level 4!
You feel clever. 😕 HP[+16] MP[+3]
You now have 40 max hp (+20).
You regained 16 hp, and now have 32/40 hp.
Your mp is fully restored (4).
A scorpion comes into view.
There is a stone staircase leading up here.
You climb upwards.
There is a stone staircase leading down here.
e - a bubbling grey potion
f - 2 potions of haste {@q3} (gained 1)
A water moccasin is nearby!
A water moccasin is nearby!
A water moccasin is nearby!
Okay, then.
You see here a +0 hand axe {axe}.
A kobold comes into view. It is wielding a +0 whip.
A kobold is nearby!
The kobold shouts!
You hear a shout! x2
A kobold brigand comes into view.
It is wielding a +0 club and quivering poisoned darts.
The kobold closely misses you.
You barely miss the kobold. The kobold hits you with a +0 whip.
You barely miss the kobold.
A kobold comes into view. It is wielding a +0 club.
You hit the kobold brigand. You hit the kobold brigand.
The kobold brigand hits you with a +0 club.
The kobold barely misses you. 😕 HP[-1]
You take 1 damage, and now have 31/40 hp.
You hit the kobold but do no damage. The kobold closely misses you.
You hit the kobold but do no damage. The kobold hits you but does no damage.
You hit the kobold.
You kill the kobold!
You hit the kobold brigand.
The kobold brigand hits you but does no damage.
You hit the kobold brigand. The kobold brigand closely misses you.
You barely miss the kobold brigand. You punch the kobold brigand.
The kobold brigand barely misses you.
You hit the kobold brigand but do no damage.
The kobold brigand hits you with a +0 club. x2 😮 HP[-5]
You take 5 damage, and now have 26/40 hp.
You barely miss the kobold brigand.
The kobold brigand hits you with a +0 club. 😮 HP[-1]
You take 1 damage, and now have 25/40 hp.
You barely miss the kobold brigand.
The kobold brigand hits you with a +0 club. 😮 HP[-3]
You take 3 damage, and now have 22/40 hp.
You closely miss the kobold brigand. The kobold brigand barely misses you.
You hit the kobold brigand. The kobold brigand closely misses you.
You closely miss the kobold brigand.
The kobold brigand hits you with a +0 club!
* * * LOW HITPOINT WARNING * * *
😨 HP[-5]
You take 5 damage, and now have 17/40 hp.
You hit the kobold brigand. The kobold brigand barely misses you.
You hit the kobold brigand.
The kobold brigand hits you with a +0 club!
* * * LOW HITPOINT WARNING * * *
😨 HP[-5]
You take 5 damage, and now have 12/40 hp.
You hit the kobold brigand.
The kobold brigand completely misses you.
You hit the kobold brigand. The kobold brigand misses you.
You hit the kobold brigand but do no damage.
The kobold brigand hits you with a +0 club.
* * * LOW HITPOINT WARNING * * *
😨 HP[-1]
You take 1 damage, and now have 11/40 hp.
Your magical essence is drained by the effort!
You feel much better.
The kobold brigand hits you with a +0 club. 😮 HP[+15] MP[-1]
You regained 15 hp, and now have 26/40 hp.
Unknown command.
Are you sure you want to abandon this character and quit the game? (Confirm with "yes".)

Skill      XL: |  1 |
---------------+----+-----
Stealth        | 8 |  8.2
Fighting       | |  2.6
Short Blades   | |  1.7
Dodging        | |  2.1

Action                   |  1- 3 |  4- 6 || total
-------------------------+-------+-------++-------
Melee: Short sword       |     6 |    21 ||    27
       Punch             |       |     1 ||     1
 Abil: Heal Wounds       |     1 |     1 ||     2
  Use: Scroll            |     1 |       ||     1
 Stab: Sleeping          |     1 |       ||     1
Armor: Leather armour    |     2 |     2 ||     4
Dodge: Dodged            |     7 |    10 ||    17

Levels and vault maps discovered:
D:5:      gammafunk_steamed_eel, layout_loops_ring
D:6:      layout_cave_pools, nicolae_vehumet_altar_sigil, nrook_mini_vaults

Notes
Turn   | Place    | Note
-------+----------+-------------------------------------------
     0 | D:5      | spaghetti the Deep Dwarf Delver began the quest for the
                  | Orb.
     0 | D:5      | Reached XP level 1. HP: 20/20 MP: 1/1
     0 | D:5      | magus.rc [v1.9.6]
    11 | D:5      | Noticed a water moccasin
    25 | D:6      | Noticed a black bear
    25 | D:6      | Noticed an ice beast
    31 | D:6      | HP: 2/20 [black bear (6)]
    33 | D:6      | Killed a black bear
    34 | D:6      | Reached skill level 8 in Stealth
    34 | D:6      | Reached XP level 2. HP: 21/27 MP: 2/2
    34 | D:6      | Reached XP level 3. HP: 26/33 MP: 3/3
    34 | D:6      | Reached XP level 4. HP: 32/40 MP: 4/4
    34 | D:6      | Noticed a scorpion
   114 | D:5      | Noticed a kobold brigand
   143 | D:5      | Quit the game

Vanquished Creatures
  A black bear (D:6)
  A kobold (D:5)
2 creatures vanquished.

Table legend:
 A = Non-vault XP
 B = Vault XP
 C = Vault XP percentage of total XP
 D = Non-vault monster count
 E = Vault monster count
 F = Vault count percentage of total count
                 A         B        C        D         E       F
            +---------+---------+-------+---------+---------+-------
      Total |     127 |       0 |   0.0 |       2 |       0 |   0.0
            +---------+---------+-------+---------+---------+-------
        D:5 |       1 |       0 |   0.0 |       1 |       0 |   0.0
        D:6 |     126 |       0 |   0.0 |       1 |       0 |   0.0
            +---------+---------+-------+---------+---------+-------

Illustrated notes

Table legend:
 A = Kills in this place as a percentage of kills in entire the game.
 B = Kills by you in this place as a percentage of kills by you in the entire game.
 C = Kills by friends in this place as a percentage of kills by friends in the entire game.
 D = Other kills in this place as a percentage of other kills in the entire game.
 E = Experience gained in this place as a percentage of experience gained in the entire game.
 F = Experience gained in this place divided by the number of levels of this place that you have seen.
                   A       B       C       D       E      F
               +-------+-------+-------+-------+-------+----------------------
         Total | 100.0 | 100.0 |   N/A |   N/A | 100.0 |  63.5
       Dungeon | 100.0 | 100.0 |   N/A |   N/A | 100.0 |  63.5
               +-------+-------+-------+-------+-------+----------------------

Table legend: (Time is in decaauts)
 A = Elapsed time spent in this place.
 B = Non-inter-level travel time spent in this place.
 C = Inter-level travel time spent in this place.
 D = Time resting spent in this place.
 E = Time spent auto-exploring this place.
 F = Levels seen in this place.
 G = Mean time per level.
                   A        B        C        D        E       F      G
               +--------+--------+--------+--------+--------+-----+--------+
         Total |    144 |    144 |      0 |      0 |     31 |   2 |   72.0 |
       Dungeon |    144 |    144 |      0 |      0 |     31 |   2 |   72.0 |
               +--------+--------+--------+--------+--------+-----+--------+

Top non-repeatable levels by time:
     D:5: 133 daAuts
     D:6: 10 daAuts
